 Dungeon Crawl Stone Soup version 0.18.1-48-g4cf74bf (webtiles) character file.

36 dearth the Shield-Bearer (level 3, 0/33 HPs)
             Began as a Minotaur Fighter on Aug 4, 2016.
             Succumbed to an adder's poison
             ... on level 2 of the Dungeon.
             The game lasted 00:02:02 (606 turns).

dearth the Shield-Bearer (Minotaur Fighter)          Turns: 606, Time: 00:02:02

Health: 0/33       AC:  7    Str: 21    XL:     3   Next: 19%
Magic:  2/2        EV:  7    Int:  5    God:
Gold:   52         SH:  9    Dex:  9    Spells: 0 memorised, 2 levels left

rFire  . . .     SeeInvis .     a - +0 flail
rCold  . . .     Gourm    .     b - +0 scale mail
rNeg   . . .     Faith    .     c - +0 shield
rPois  .         Spirit   .     (helmet restricted)
rElec  .         Dismiss  .     (no cloak)
rCorr  .         Reflect  .     (no gloves)
SustAt .         Harm     .     (no boots)
MR     .....                    (no amulet)
Stlth  ..........               (no ring)
                                (no ring)

@: lethally poisoned (0 -> -1), not resistant to hostile enchantments, extremely
unstealthy
A: retaliatory headbutt, horns 2, deterioration 1, sense surroundings 1, wild
magic 1
a: no special abilities


You were on level 2 of the Dungeon.
You were not hungry.

You visited 1 branch of the dungeon, and saw 2 of its levels.

You collected 52 gold pieces.

Inventory:

Hand Weapons
 a - a +0 flail (weapon)
Armour
 b - a +0 scale mail (worn)
 c - a +0 shield (worn)
Jewellery
 i - a cursed ring of wizardry {unknown}
Scrolls
 e - a scroll of magic mapping {unknown}
 g - a scroll of amnesia {unknown}
 l - a scroll of identify {unknown}
Potions
 d - a potion of might
 m - a potion of lignification
Comestibles
 f - 2 bread rations
 j - 2 fruits


   Skills:
 + Level 4.0 Fighting
 * Level 3.4 Maces & Flails
 + Level 3.7 Armour
 + Level 4.1 Shields


You had 2 spell levels left.
You didn't know any spells.

Dungeon Overview and Level Annotations

Branches:
Dungeon (2/15)

Altars:


Innate Abilities, Weirdness & Mutations

You reflexively headbutt those who attack you in melee.
You have a pair of horns on your head.
Your body sometimes deteriorates upon taking damage.
You passively map a small area around you.
Your spells are a little harder to cast, but a little more powerful.


Message History

Drink which item? (? for menu, Esc to quit)
It was a potion of mutation.
You feel extremely strange.
You feel less in control of your magic.
You feel a strange attunement to the structure of the dungeons.
You feel yourself wasting away.
You feel less woody.
Your +0 scale mail unmelds from your body.
* * * LOW HITPOINT WARNING * * *
You feel sick.
Unknown command.
There is a lethal amount of poison in your body!
There is a lethal amount of poison in your body!
You see here an adder corpse.
* * * LOW HITPOINT WARNING * * *
You feel sick.
Found a helmet.
Found a beef jerky and a scroll labeled VEIWIR PEKHAKH.
Found a stone staircase leading up.
An adder comes into view.
You die...

, * #.# # #.# ##. *
#$###########
...#######.†#........#
#.........#..........#
#.........##.........#
##........###........#
..........# #........#
#.........# #...@....#
.......[..# #.......%#
..........# #......[.#
..........# #........#
..........# #.?....<.#
..........# ##.#######
......##### #. ......#
#S ....... ,


You could see an adder (sleeping).

Vanquished Creatures
  An adder (D:2)
  A ball python (D:1)
  3 bats (D:1)
  3 giant cockroaches
  2 hobgoblins (D:1)
  2 jackals (D:1)
  3 kobolds (D:1)
  3 giant newts (D:1)
  2 goblins (D:1)
  7 rats
27 creatures vanquished.

Notes
Turn   | Place    | Note
--------------------------------------------------------------
     0 | D:1      | dearth the Minotaur Fighter began the quest for the Orb.
     0 | D:1      | Reached XP level 1. HP: 19/19 MP: 0/0
   175 | D:1      | Reached XP level 2. HP: 27/27 MP: 1/1
   595 | D:2      | Reached XP level 3. HP: 3/33 MP: 2/2
   598 | D:2      | Gained mutation: Your spells are a little harder to cast, but a little more powerful. [potion of mutation]
   598 | D:2      | Gained mutation: You passively map a small area around you. [potion of mutation]
   598 | D:2      | Gained mutation: Your body sometimes deteriorates upon taking damage. [potion of mutation]
   598 | D:2      | HP: 1/33 [poisoned by an adder]
   606 | D:2      | Succumbed to an adder's poison

Skill      XL: |  1  2 |
---------------+-------+-----
Maces & Flails | 3 |  3.4
Shields        | 4 |  4.1
Fighting       | 4 |  4.0
Armour         | |  3.7

Action                   || total
-------------------------++-------
Melee: Flail             ||    85
       Headbutt          ||    10
  Use: Potion            ||     3
Armor: Scale mail        ||    56
Dodge: Dodged            ||    39
Block: Shield            ||    58
